 Dungeon Crawl Stone Soup version 0.25.1-2-g60ff931df9 (webtiles) character file.

Game seed: 14385297781853380391

111 H0rd4k the Insei (level 4, -6/28 HPs)
             Began as an Octopode Transmuter on Sept 16, 2020.
             Mangled by an iron imp (10 damage)
             ... summoned by Natasha
             ... on level 2 of the Dungeon on Sept 17, 2020.
             The game lasted 00:01:53 (1844 turns).

H0rd4k the Insei (Octopode Transmuter)              Turns: 1844, Time: 00:01:54

Health: -6/28      AC:  2    Str: 10    XL:     4   Next: 92%
Magic:  7/8        EV: 13    Int: 15    God:
Gold:   74         SH:  0    Dex: 12    Spells: 2/8 levels left

rFire    . . .     SeeInvis .     - Unarmed
rCold    . . .     Gourm    .   (no shield)
rNeg     . . .     Faith    .   i - +1 hat
rPois    .         Spirit   .   (no amulet)
rElec    .         Reflect  .   (no ring)
rCorr    .         Harm     .   (no ring)
MR       .....                  (no ring)
Stlth    +++.......             (no ring)
HPRegen  0.09/turn              (no ring)
MPRegen  0.11/turn              (no ring)
                                (no ring)
                                (no ring)

@: appendage, flying
A: almost no armour, stealthy swim, amphibious, 8 rings, constrict 8, tentacle
spike 3, camouflage 1, gelatinous body 1
a: End Transformation


You were on level 2 of the Dungeon.
You were not hungry.
One of your tentacles had a temporary spike.
You visited 1 branch of the dungeon, and saw 2 of its levels.

You collected 74 gold pieces.

Inventory:

Missiles
 a - 12 arrows
 f - 28 poisoned darts (quivered)
Armour
 i - a +1 hat (worn)
Scrolls
 b - a scroll of identify {unknown}
 e - a scroll of enchant armour {unknown}
 g - a scroll of immolation {unknown}
 j - a scroll of fog {unknown}
Potions
 h - a potion of mutation {unknown}
Comestibles
 c - 5 rations
 k - a chunk of flesh


   Skills:
 + Level 1.1 Fighting
 + Level 2.4 Dodging
 + Level 1.5 Stealth
 + Level 4.1 Unarmed Combat
 * Level 2.7 Spellcasting
 * Level 2.6 Transmutations


You had 2 spell levels left.
You knew the following spells:

 Your Spells              Type           Power        Failure   Level  Hunger
a - Beastly Appendage     Tmut           ##....       7%          1    #......
b - Sticks to Snakes      Tmut           ##......     11%         2    ##.....
c - Spider Form           Tmut/Pois      #.........   34%         3    ###....

Your spell library contained the following spells:

 Spells                   Type           Power        Failure   Level  Hunger
 Ice Form                 Ice/Tmut       #.......     75%         4    #####..
 Blade Hands              Tmut           ##........   88%         5    ######.


Dungeon Overview and Level Annotations

Branches:
Dungeon (2/15)

Altars:
The Shining One

Annotations:
D:2 Natasha


Innate Abilities, Weirdness & Mutations

You cannot wear most types of armour.
You are very stealthy in the water. (Stealth+)
You are amphibious.
You can wear up to eight rings at the same time.
You can use your tentacles to constrict eight enemies at once.
Your skin changes colour to match your surroundings (Stealth+).
Your rubbery body absorbs attacks. (AC +1, EV +1)
One of your tentacles bears a large vicious spike.


Message History

You feel disoriented.
Natasha mumbles some strange words.
You tentacle-slap the iron imp. You grab the iron imp.
The iron imp is moderately wounded.
You constrict the iron imp, but do no damage.
Natasha stares at you and mumbles some strange words.
The magic dart hits you.
You tentacle-slap the iron imp.
You pierce the iron imp.
The iron imp is heavily wounded.
You constrict the iron imp, but do no damage.
The iron imp hits you! Natasha casts a spell at you. The magic dart hits you!
* * * LOW HITPOINT WARNING * * *
It was a potion of flight.
You feel very buoyant.
You fly up into the air.
You constrict the iron imp, but do no damage.
The iron imp hits you!
You die...

###.#......#
#................
#...#......#
#.........#######
#.###.#'#### #.........#
#.. ...)..#.# #.........#
#.. #.###.#.#
#######.........#####.. ..#
#.#.# #....#
.............#(. ###
#.#.###....#
.............### .
..#........##5h...........#
#
#.#........'@.............#
.
#.#........#######........#
..........# ####........#
...#####....#
#.##........### ....
#....####.##........... ...
#....##.............##. ...
##.####.#.####+#######. #.
#.# #. #.# #.


You could see an iron imp (summoned) and Natasha.

Vanquished Creatures
  Natasha (twice) (D:2)
  A gnoll (D:1)
  2 adders (D:2)
  2 leopard geckos
  2 hobgoblins
  2 jackals (D:2)
  3 kobolds
  A ball python (D:2)
  5 bats
  2 frilled lizards (D:1)
  10 goblins
  4 rats (D:1)
36 creatures vanquished.

Notes
Turn   | Place    | Note
-------+----------+-------------------------------------------
     0 | D:1      | H0rd4k the Octopode Transmuter began the quest for the Orb.
     0 | D:1      | Reached XP level 1. HP: 13/13 MP: 3/3
    58 | D:1      | Reached XP level 2. HP: 18/18 MP: 5/5
   461 | D:1      | Reached XP level 3. HP: 21/23 MP: 6/6
   984 | D:1      | Learned a level 2 spell: Sticks to Snakes
   988 | D:1      | Learned a level 3 spell: Spider Form
  1372 | D:2      | Reached skill level 1 in Stealth
  1376 | D:2      | Reached XP level 4. HP: 17/28 MP: 7/7
  1615 | D:2      | Found a glowing golden altar of the Shining One.
  1620 | D:2      | Noticed Natasha
  1626 | D:2      | Killed Natasha
  1626 | D:2      | Reached skill level 4 in Unarmed Combat
  1758 | D:2      | Noticed Natasha
  1778 | D:2      | Killed Natasha
  1840 | D:2      | Noticed Natasha
  1844 | D:2      | Mangled by an iron imp

Illustrated notes

Levels and vault maps discovered:
D:1:      tarquinn_simple_flora_water_f, layout_basic
D:2:      layout_basic, lemuel_doored_altar, minmay_misc_feat_roman,
          kennysheep_generic_room_5, uniq_natasha

Skill      XL: |  1  2  3  4 |
---------------+-------------+-----
Stealth        | 1 |  1.5
Unarmed Combat | 4 |  4.1
Fighting       | |  1.1
Dodging        | |  2.4
Spellcasting   | |  2.7
Transmutations | |  2.6

Action                   |  1- 3 |  4- 6 || total
-------------------------+-------+-------++-------
Melee: Unarmed           |    55 |    19 ||    74
       Constrict         |    13 |     6 ||    19
       Tentacles         |     2 |     4 ||     6
       Kick              |     4 |     5 ||     9
       Punch             |     1 |       ||     1
Throw: Dart              |       |     2 ||     2
 Cast: Beastly Appendage |     1 |     4 ||     5
  Use: Potion            |       |     1 ||     1
 Stab: Sleeping          |     3 |     2 ||     5
  Eat: Chunk             |     1 |     2 ||     3
Armor: Skin              |     5 |       ||     5
Dodge: Dodged            |    41 |     7 ||    48
